 Dungeon Crawl Stone Soup version 0.29-a0-472-ge5599a681e (console) character file.

Game seed: 4993425041037814090

36 jejorda2 the Poker (level 3, -4/30 HPs)
             Began as a Merfolk Fighter on May 22, 2022.
             Slain by an iguana (9 damage)
             ... on level 4 of the Dungeon.
             The game lasted 00:02:34 (956 turns).

jejorda2 the Poker (Merfolk Fighter)                 Turns: 956, Time: 00:02:35

Health: -4/30      AC:  6    Str: 18    XL:     3   Next: 37%
Magic:  3/3        EV:  6    Int:  7    God:
Gold:   68         SH:  4    Dex: 13    Spells: 2/2 levels left

rFire   + . .      SeeInvis .   a - +0 trident
rCold   . . .      Faith    .   c - +0 buckler
rNeg    . . .      Spirit   .   b - +0 scale mail
rPois   .          Reflect  .   (no helmet)
rElec   .          Harm     .   (no cloak)
rCorr   .          Rampage  .   (no gloves)
Will    .....                   (no boots)
Stlth   ..........              (no amulet)
HPRegen 0.10/turn               i - ring of protection from fire
MPRegen 0.08/turn               (no ring)

@: constricted
A: (nimble swimmer 2), mertail
a: no special abilities


You were on level 4 of the Dungeon.
You visited 1 branch of the dungeon, and saw 4 of its levels.

You collected 68 gold pieces.

Inventory:

Hand Weapons
 a - a +0 trident (weapon)
Missiles
 e - 79 stones (quivered)
 o - 3 javelins
 s - 4 poisoned darts
Armour
 b - a +0 scale mail (worn)
 c - a +0 buckler (worn)
Jewellery
 i - a ring of protection from fire (left hand)
Scrolls
 g - a scroll of acquirement {unknown}
 h - a scroll of poison {unknown}
 j - a scroll of enchant armour {unknown}
 k - 2 scrolls of blinking {unknown}
 m - a scroll of identify {unknown}
 n - a scroll of immolation {unknown}
 r - a scroll of noise {unknown}
Potions
 d - 2 potions of might
 f - 2 potions of haste {unknown}
 l - a potion of lignification {unknown}
 p - a potion of heal wounds {unknown}
 q - a potion of curing {unknown}


   Skills:
 + Level 3.7 Fighting
 * Level 4.0 Polearms
 + Level 2.4 Armour
 - Level 3.0 Shields


You had 2 spell levels left.
You didn't know any spells.
Your spell library was empty.

Dungeon Overview and Level Annotations

Branches:
Dungeon (4/15)
 Temple: D:4-7

Altars:


Innate Abilities, Weirdness & Mutations

((You are very nimble when in or above water. (Stealth+, EV+, Speed+++)))
Your lower body shifts to a powerful aquatic tail in water.


Message History

The ball python barely misses you.
The iguana bites you but does no damage.
You barely miss the iguana.
The iguana is lightly wounded.
The ball python barely misses you. The ball python misses you.
You block the iguana's attack.
You hit the iguana.
The iguana is moderately wounded.
The ball python bites you. You block the ball python's attack.
The iguana barely misses you.
The ball python bites you but does no damage.
The ball python grabs you. The ball python constricts you.
You closely miss the iguana.
The iguana is moderately wounded.
The iguana bites you! You block the ball python's attack.
The ball python constricts you.
You barely miss the iguana.
The iguana is heavily wounded.
The iguana looks more healthy.
The iguana bites you.
The ball python bites you but does no damage.
The ball python constricts you. The iguana barely misses you.
You barely miss the iguana.
The iguana is moderately wounded.
The ball python bites you. The ball python constricts you.
* * * LOW HITPOINT WARNING * * *
The ball python bites you but does no damage.
The ball python constricts you.
* * * LOW HITPOINT WARNING * * *
The iguana completely misses you.
You hit the iguana but do no damage.
The iguana is moderately wounded.
The ball python bites you.
* * * LOW HITPOINT WARNING * * *
The ball python constricts you.
The iguana bites you but does no damage.
You hit the iguana.
The iguana is severely wounded.
The ball python bites you but does no damage.
The ball python constricts you. The iguana bites you!
You die...

#...........##
#.####
.$.......#..#
#.#
.......##..##
#.. ......
#..# ##.
...... #..#
......###..##
....(..#....#
......S..##.#
......l@## ...
......### ....
...... ....#
...## #### ..
#


You could see an iguana and a ball python.

Vanquished Creatures
  An adder (D:4)
  3 bats (D:1)
  3 endoplasms (D:2)
  4 goblins
  2 kobolds
  4 quokkas (D:1)
  3 ball pythons
  A frilled lizard (D:1)
  5 rats
26 creatures vanquished.

Notes
Turn   | Place    | Note
-------+----------+-------------------------------------------
     0 | D:1      | jejorda2 the Merfolk Fighter began the quest for the Orb.
     0 | D:1      | Reached XP level 1. HP: 18/18 MP: 1/1
   114 | D:1      | Reached skill level 3 in Polearms
   335 | D:1      | Reached XP level 2. HP: 24/24 MP: 2/2
   428 | D:1      | Found a faded altar of an unknown god.
   709 | D:3      | Reached XP level 3. HP: 27/29 MP: 3/3
   808 | D:4      | Reached skill level 4 in Polearms
   956 | D:4      | Slain by an iguana

Illustrated notes

Levels and vault maps discovered:
D:1:      minmay_arrival_arboretum_small, layout_rooms,
          hellmonk_ecumenical_altar_leap_of_faith
D:2:      layout_loops_cross, basic_altar, kennysheep_generic_room_11,
          uniq_robin, uniq_sigmund
D:3:      layout_loops_cross, hangedman_decor_clover_reticule
D:4:      layout_rooms, serial_shops, shop

Skill      XL: |  1  2  3 |
---------------+----------+-----
Polearms       | 3 4 |  4.0
Fighting       | |  3.7
Armour         | |  2.4
Shields        | |  3.0

Action                   || total
-------------------------++-------
Melee: Trident           ||    88
Throw: Stone             ||    11
       Dart              ||     1
Armor: Scale mail        ||    38
Dodge: Dodged            ||    24
Block: Buckler           ||    12

Table legend: (Time is in decaauts)
 A = Elapsed time spent in this place.
 B = Non-inter-level travel time spent in this place.
 C = Inter-level travel time spent in this place.
 D = Time resting spent in this place.
 E = Time spent auto-exploring this place.
 F = Levels seen in this place.
 G = Mean time per level.
                   A        B        C        D        E       F      G
               +--------+--------+--------+--------+--------+-----+--------+
         Total |    972 |    947 |     25 |    119 |    606 |   4 |  243.0 |
       Dungeon |    972 |    947 |     25 |    119 |    606 |   4 |  243.0 |
               +--------+--------+--------+--------+--------+-----+--------+

Top non-repeatable levels by time:
     D:1: 603 daAuts
     D:4: 162 daAuts
     D:2: 111 daAuts
     D:3: 95 daAuts
